 Dungeon Crawl Stone Soup version 0.29.0-13-gc9e81de378 (webtiles) character file.

Game seed: 5354334071996628746

91310 CertainDeath the Slayer (level 15, 0/240 HPs)
             Began as a Minotaur Fighter on Sept 8, 2022.
             Was an Initiate of Gozag.
             Killed by divine providence
             ... invoked by an orc priest
             ... summoned by an orange crystal statue
              (8 damage)
             ... on level 1 of the Orcish Mines.
             The game lasted 01:03:48 (21080 turns).

CertainDeath the Slayer (Minotaur Fighter)         Turns: 21080, Time: 01:03:48

Health: 0/240      AC: 21    Str: 37    XL:     15   Next: 54%
Magic:  1/14       EV: 12    Int: -11 (5) God:    Gozag
Gold:   5875       SH:  0    Dex: 13    Spells: 14/14 levels left

rFire   + . .      SeeInvis .   a - +3 broad axe (flame)
rCold   + . .      Faith    .   V - +0 kite shield
rNeg    . . .      Spirit   .   n - +2 chain mail {Will+}
rPois   .          Reflect  .   (helmet restricted)
rElec   .          Harm     .   u - scarf {rC+ rF+}
rCorr   .          Rampage  +   X - +1 pair of gloves
Will    ++...                   v - +2 pair of boots {rampage}
Stlth   ..........              h - amulet of regeneration
HPRegen 1.30/turn               b - +6 ring of strength
MPRegen 0.14/turn               Q - +6 ring of strength

@: confused, berserking, gold aura, slowed, lost intelligence, studying Armour,
unable to read
A: horns 2, retaliatory headbutt
a: Renounce Religion, Potion Petition, Call Merchant, Bribe Branch


You were on level 1 of the Orcish Mines.
You worshipped Gozag.
Gozag was greatly pleased with you.
You visited 4 branches of the dungeon, and saw 22 of its levels.
You also visited: Sewer and Ossuary.

You collected 6934 gold pieces.
You spent 170 gold pieces at shops.
You paid 889 gold pieces to Gozag.

Inventory:

Hand Weapons
 a - a +3 broad axe of flaming (weapon)
 N - the +8 whip "Snakebite" {venom, curare, rPois}
   (You found it on level 2 of the Lair of Beasts)

   It poisons the flesh of those it strikes.
   It occasionally inflicts asphyxiating poison on those it strikes, dealing
   poison damage and causing slowness.
   rPois:     It protects you from poison.
Missiles
 s - 13 javelins
 G - 8 throwing nets (quivered)
 L - 7 curare-tipped darts
Armour
 n - a +2 chain mail of willpower (worn)
 u - a scarf of resistance (worn)
 v - a +2 pair of boots of rampaging (worn)
 w - a +0 cloak
 V - a +0 kite shield (worn)
 X - a +1 pair of gloves (worn)
Jewellery
 b - a +6 ring of strength (left hand)
 c - a ring of protection from fire
 h - an amulet of regeneration (around neck)
 r - a ring of resist corrosion
 Q - a +6 ring of strength (right hand)
 S - a +6 ring of dexterity
 Z - the ring "Mounuinai" {*Corrode rN+ Int+10 Dex+2}
   (You found it on level 5 of the Lair of Beasts)

   [ring of positive energy]

   Int:       It affects your intelligence (+10).
   Dex:       It affects your dexterity (+2).
   rN:        It protects you from negative energy.
   *Corrode:  It may corrode you when you take damage.
Wands
 z - a wand of charming (31)
 B - a wand of mindburst (16)
 C - a wand of flame (40)
 D - a wand of quicksilver (14)
 J - a wand of polymorph (13)
 R - a wand of iceblast (18)
Scrolls
 g - 3 scrolls of butterflies
 i - 8 scrolls of immolation
 l - 4 scrolls of fear
 t - 12 scrolls of teleportation
 y - 3 scrolls of blinking
 F - a scroll of summoning
 O - 16 scrolls of identify
 P - 5 scrolls of magic mapping
Potions
 d - 6 potions of might
 e - 2 potions of cancellation
 f - 10 potions of flight
 j - 5 potions of heal wounds
 m - 12 potions of curing
 p - a potion of ambrosia
 q - 4 potions of haste
 I - a potion of berserk rage
 K - a potion of attraction
 M - 5 potions of lignification
 U - 5 potions of mutation
 W - a potion of invisibility
Miscellaneous
 T - a lightning rod (4/4)


   Skills:
 + Level 21.6 Fighting
 - Level 18.0 Axes
 + Level 13.3 Armour
 * Level 8.5 Dodging
 - Level 15.8 Shields
 - Level 5.0 Evocations


You had 14 spell levels left.
You didn't know any spells.
Your spell library contained the following spells:

 Spells                   Type           Power      Damage    Failure   Level
 Apportation              Tloc           0%         N/A       98%         1
 Magic Dart               Conj           0%         1d3       98%         1
 Slow                     Hex            0%         N/A       98%         1
 Call Imp                 Summ           0%         N/A       99%         2
 Sublimation of Blood     Necr           0%         N/A       99%         2
 Wereblood                Tmut           0%         N/A       99%         2
 Call Canine Familiar     Summ           0%         N/A       100%        3
 Confusing Touch          Hex            0%         N/A       100%        3
 Conjure Flame            Conj/Fire      0%         6-21      100%        3
 Ignite Poison            Fire/Tmut/Pois 0%         N/A       100%        3
 Mephitic Cloud           Conj/Pois/Air  0%         N/A       100%        3
 Portal Projectile        Hex/Tloc       0%         N/A       100%        3
 Vampiric Draining        Necr           0%         2d6       100%        3
 Animate Armour           Summ/Erth      0%         N/A       100%        4
 Leda's Liquefaction      Hex/Erth       0%         N/A       100%        4
 Petrify                  Tmut/Erth      0%         N/A       100%        4
 Sticky Flame             Conj/Fire      0%         2d3       100%        4
 Alistair's Intoxication  Tmut/Pois      0%         N/A       100%        5
 Blade Hands              Tmut           0%         N/A       100%        5
 Borgnjor's Vile Clutch   Necr/Erth      0%         N/A       100%        5
 Fireball                 Conj/Fire      0%         3d3       100%        5
 Irradiate                Conj/Tmut      0%         3d11      100%        5
 Metabolic Englaciation   Hex/Ice        0%         N/A       100%        5
 Death Channel            Necr           0%         N/A       100%        6
 Iron Shot                Conj/Erth      0%         9d1       100%        6
 Starburst                Conj/Fire      0%         6d3       100%        6
 Statue Form              Tmut/Erth      0%         N/A       100%        6
 Summon Hydra             Summ           0%         N/A       100%        7
 Ignition                 Fire           0%         3d3       100%        8
 Animate Dead             Necr           Unusable   N/A       N/A         4

Dungeon Overview and Level Annotations

Branches:
Dungeon (15/15)            Temple (1/1) D:6            Lair (5/5) D:9
  Swamp (0/4) Lair:3       Spider (0/4) Lair:3        Slime (0/5) Lair:5
    Orc (1/2) D:12         Vaults (0/5) D:14         Depths (0/4) D:15
  Sewer (visited)         Ossuary (visited)

Altars:
Ashenzari
Cheibriados
Dithmenos
Elyvilon
Fedhas
Gozag
Hepliaklqana
Kikubaaqudgha
Makhleb
Nemelex Xobeh
Okawaru
Qazlal
Ru
Sif Muna
Trog
Uskayaw
Vehumet
Wu Jian
Xom
Yredelemnul
Zin
The Shining One
Jiyva

Shops:
D:8 [   Lair:3 *

Annotations:
D:13 2 transporters, Leinaam's ghost, journeyman MiBe
Temple 2 transporters
Orc:1 1 runed translucent door, exclusion: 2 orange crystal statues


Innate Abilities, Weirdness & Mutations

You have a pair of horns on your head.
You reflexively headbutt those who attack you in melee.


Message History

The orc wizard hits you but does no damage.
The orange crystal statue glitters.
You are more confused.
The orc priest looks braver for a moment.
The orc warrior closely misses you.
You hear a shout!
A red film seems to cover your vision as you go berserk!
You feel yourself moving faster!
You feel mighty!
The orc is no longer distracted by gold.
The orc warrior is no longer distracted by gold.
The orc is no longer distracted by gold.
The orc warrior hits you but does no damage.
The orc warrior hits you with a +0 scimitar!
* * * LOW HITPOINT WARNING * * *
The orc wizard hits you but does no damage.
The orc priest calls upon Beogh to heal the orc warrior.
The orc warrior is healed somewhat.
The orange crystal statue glitters topaz in the dim dungeon light.
The orc warrior barely misses you.
The orc warrior hits you but does no damage.
The orc warrior hits you with a +0 scimitar!
* * * LOW HITPOINT WARNING * * *
The orc priest calls down the wrath of Beogh upon you.
Beogh smites you!
* * * LOW HITPOINT WARNING * * *
The orc wizard completely misses you.
The orc warrior hits you but does no damage.
The orc priest calls upon Beogh to heal the orc warrior.
The orc warrior is healed somewhat.
The orange crystal statue is distracted by your dazzling golden aura.
You slash the orc warrior! You burn the orc warrior.
The orc warrior is severely wounded.
You barely miss the orc warrior. You closely miss the orc warrior.
You miss the orc wizard.
The orange crystal statue is no longer distracted by gold.
The orc warrior misses you.
The orc priest invokes the aid of Beogh against you.
Beogh smites you!
You die...
Your body crumbles into a pile of gold.

...#### ##### #....
...#..## ##.#.##...#
.......## #.....#...#
........########.........#
..........................#
.........####'####....#...#
#........#$....oO#.......##
###......#.#..o#o#....#..#
####.....#...ooo@#........#
.#.......#$..o.oo#....#..##
.#.......#...oooo#..######
.........#.#.o.#o#.##
......##.#8.....8# #
......# .####+#### .....##
. .... .....### ....
.....#.# #....


You could see 2 orange crystal statues, 3 orc warriors, an ogre (summoned), 3
orc priests, 3 orc wizards and 6 orcs.

Vanquished Creatures
  5 dire elephants (Lair:5)
  5 hydras
  Harold (D:10)
  3 vault guards (D:14)
  5 boulder beetles
  6 centaur warriors
  A death knight (D:15)
  2 two-headed ogres
  Urug (D:11)
  A tengu warrior (D:14)
  A spectral dire elephant (Lair:5)
  Sonja (D:11)
  Amaemon (Lair:2)
  A deep elf knight (D:15)
  2 spectral death yaks (Lair:5)
  6 skeletal warriors (D:14)
  A spectral anaconda (Lair:5)
  2 orange crystal statues (Orc:1)
  2 wizards
  4 bog bodies (Lair:3)
  A phantasmal warrior (D:15)
  6 necromancers
  An obsidian statue (Lair:5)
  A deep elf pyromancer (D:14)
  An orc knight (D:14)
  2 wolf spider zombies (D:15)
  A deep elf zephyrmancer (D:15)
  2 orc sorcerers (D:15)
  9 cyclopes
  5 manticores
  18 elephants
  A black mamba (Lair:3)
  An eye of devastation (Lair:5)
  An orange demon (Lair:2)
  Maggie (Lair:1)
  A dire elephant zombie (Lair:5)
  9 cane toads
  A centaur skeleton (D:15)
  Psyche (D:12)
  2 cane toads (shapeshifter)
  3 torpor snails
  A kobold demonologist (D:13)
  An unseen horror (D:12)
  2 komodo dragons (Lair:3)
  3 rime drakes
  2 freezing wraiths (D:15)
  7 trolls
  2 polar bears (Lair:2)
  3 meliai (D:14)
  A hornet (D:9)
  10 slime creatures
  3 spectral elephants (Lair:5)
  5 dream sheep (Lair:5)
  3 blink frogs (Lair:2)
  Sigmund (D:4)
  A centaur simulacrum (D:15)
  4 culicivoras (Lair:3)
  A spriggan (Lair:2)
  17 humans (D:14)
  A water elemental (D:12)
  A fire elemental (D:13)
  2 shadows
  84 yaks
  2 wraiths
  4 wyverns
  4 vampire mosquitoes
  2 death yak simulacra (Lair:5)
  8 basilisks
  A redback (D:14)
  A warg (Orc:1)
  2 spectral cane toads (Lair:5)
  A swamp worm (Lair:3)
  3 acid dragons
  14 water moccasins
  A floating eye (Lair:5)
  4 ice beasts
  9 orc warriors
  3 black bears
  2 ogres
  An elephant zombie (Lair:5)
  13 wolves
  3 centaurs
  An elephant skeleton (Lair:5)
  5 kobold brigands
  2 necrophages
  9 gnoll sergeants
  10 bullfrogs
  3 cane toad simulacra (Lair:5)
  A scorpion (D:4)
  12 wights (D:9)
  6 killer bees (D:9)
  2 elephant simulacra (Lair:5)
  7 electric eels
  6 howler monkeys
  2 lava snakes (D:13)
  2 jellies
  7 hounds
  Crazy Yiuf (D:3)
  5 orc priests
  A gnoll bouda (D:8)
  Terence (D:2)
  3 iguanas
  A merfolk siren (Sewer)
  8 orc wizards
  A merfolk avatar (Sewer)
  8 mummies (Ossuary)
  Robin (D:2)
  38 gnolls
  7 adders
  An ufetubus (D:4)
  A worm (D:5)
  3 dart slugs
  39 orcs
  9 ball pythons
  8 bats
  5 endoplasms
  8 giant cockroaches
  17 goblins
  9 hobgoblins
  8 jackals
  5 quokkas
  7 frilled lizards
  3 hobgoblin zombies (Ossuary)
  18 kobolds
  A kobold zombie (Ossuary)
  4 orc zombies (Ossuary)
  29 rats
677 creatures vanquished.

Vanquished Creatures (others)
  A wizard (D:14)
  A yak (Lair:2)
  16 fungi
  38 plants
  15 withered plants (Lair:5)
71 creatures vanquished.

Grand Total: 748 creatures vanquished

Notes
Turn   | Place    | Note
-------+----------+-------------------------------------------
     0 | D:1      | CertainDeath the Minotaur Fighter began the quest for the
                  | Orb.
     0 | D:1      | Reached XP level 1. HP: 19/19 MP: 0/0
   109 | D:1      | Reached XP level 2. HP: 26/27 MP: 1/1
   371 | D:1      | Reached skill level 4 in Fighting
   400 | D:1      | Reached XP level 3. HP: 27/33 MP: 2/2
   459 | D:1      | Found a faded altar of an unknown god.
   766 | D:2      | Noticed Terence
   775 | D:2      | Killed Terence
  1034 | D:2      | Noticed Robin
  1039 | D:2      | Reached XP level 4. HP: 40/40 MP: 3/3
  1053 | D:2      | Killed Robin
  1985 | D:4      | Identified the +5 hand axe "Inyxt" {vorpal, rPois rC+ rCorr
                  | Str-2}
  1991 | D:4      | Noticed a water moccasin
  1999 | D:3      | Reached XP level 5. HP: 29/47 MP: 4/4
  2125 | D:4      | Reached skill level 5 in Axes
  2526 | D:3      | Found a runed translucent door.
  2527 | D:3      | Noticed Crazy Yiuf
  2537 | D:3      | Killed Crazy Yiuf
  3404 | D:4      | Killed a water moccasin
  3405 | D:4      | Reached skill level 5 in Fighting
  3405 | D:4      | Reached XP level 6. HP: 40/56 MP: 5/5
  3570 | D:4      | Reached skill level 5 in Shields
  3603 | D:5      | Entered Level 5 of the Dungeon
  3603 | D:5      | Found a glowing drain.
  3626 | Sewer    | Entered a sewer
  4176 | D:4      | Noticed an ice beast
  4185 | D:4      | Reached XP level 7. HP: 62/62 MP: 6/6
  4188 | D:4      | Noticed Sigmund
  4201 | D:4      | Killed Sigmund
  4202 | D:4      | Reached skill level 6 in Fighting
  5089 | D:5      | Found a shimmering blue altar of Sif Muna.
  5095 | D:5      | Reached XP level 8. HP: 71/71 MP: 7/7
  5099 | D:5      | Found a sacrificial altar of Ru.
  5191 | D:6      | Reached skill level 1 in Evocations
  5363 | D:6      | Reached skill level 7 in Fighting
  5376 | D:7      | Reached skill level 10 in Axes
  5442 | D:6      | Reached skill level 8 in Fighting
  5442 | D:6      | Reached XP level 9. HP: 81/81 MP: 8/8
  5505 | D:6      | Found a staircase to the Ecumenical Temple.
  5521 | Temple   | Entered the Ecumenical Temple
  5521 | Temple   | Found a transporter.
  5521 | Temple   | Found a transporter.
  5523 | Temple   | Found a transporter.
  5523 | Temple   | Found a transporter.
  5539 | Temple   | Became a worshipper of Gozag Ym Sagoz the Greedy
  5779 | D:6      | Identified a scroll of acquirement
  5779 | D:6      | Acquired a manual of Fighting
  6097 | D:8      | Reached skill level 9 in Fighting
  6137 | D:8      | Found Uviss's Armour Shop.
  6282 | D:8      | Identified the +10 long sword "Sieg" {vorpal, Will+ rCorr
                  | Stlth+}
  6578 | D:8      | Found an iron altar of Okawaru.
  6676 | D:8      | Found a sand-covered staircase.
  6701 | Ossuary  | Entered an ossuary
  6725 | Ossuary  | Reached skill level 10 in Fighting
  8173 | D:9      | Reached skill level 5 in Evocations
  8173 | D:9      | Reached XP level 10. HP: 91/94 MP: 9/9
  8187 | D:9      | Reached skill level 1 in Dodging
  8199 | D:9      | Reached skill level 11 in Fighting
  8211 | D:9      | Reached skill level 5 in Armour
  8234 | D:9      | Paralysed by a hornet for 2 turns
  8443 | D:10     | Entered Level 10 of the Dungeon
  8543 | D:9      | Reached skill level 12 in Fighting
  8580 | D:9      | Noticed a two-headed ogre
  8593 | D:9      | Killed a two-headed ogre
  8717 | D:9      | Found a staircase to the Lair.
  9371 | D:10     | Reached XP level 11. HP: 105/105 MP: 10/10
  9656 | D:10     | Reached skill level 13 in Fighting
  9657 | D:10     | Noticed Harold
  9669 | D:10     | Killed Harold
  9692 | D:10     | Noticed a two-headed ogre
  9701 | D:10     | Killed a two-headed ogre
  9702 | D:10     | Reached skill level 15 in Axes
 10088 | D:11     | Noticed a six-headed hydra
 10092 | D:11     | Noticed a four-headed hydra
 10099 | D:11     | Killed an 11-headed hydra
 10104 | D:11     | Killed a seven-headed hydra
 10105 | D:11     | Reached skill level 14 in Fighting
 10301 | D:11     | Noticed Urug
 10306 | D:11     | Noticed Sonja
 10314 | D:11     | Killed Sonja
 10317 | D:11     | Killed Urug
 10705 | D:12     | Noticed a boulder beetle
 10720 | D:12     | Killed a boulder beetle
 10726 | D:12     | Noticed Psyche
 10734 | D:12     | Killed Psyche
 10789 | D:12     | Reached XP level 12. HP: 91/118 MP: 11/11
 10922 | D:12     | Reached skill level 15 in Fighting
 11606 | D:12     | Found a staircase to the Orcish Mines.
 12132 | Lair:1   | Entered Level 1 of the Lair of Beasts
 12150 | Lair:1   | Noticed Maggie
 12160 | Lair:1   | Killed Maggie
 12281 | Lair:1   | Reached skill level 16 in Fighting
 12335 | Lair:1   | Found a transporter.
 12350 | Lair:1   | Found a transporter.
 12355 | Lair:1   | Reached skill level 10 in Shields
 12376 | Lair:1   | Noticed a boulder beetle
 12461 | Lair:1   | Killed a boulder beetle
 12491 | Lair:1   | Found a burning altar of Makhleb.
 13123 | Lair:2   | Noticed Amaemon
 13131 | Lair:2   | Killed Amaemon
 13384 | Lair:3   | Reached skill level 17 in Fighting
 13479 | Lair:2   | Reached XP level 13. HP: 127/132 MP: 12/12
 13756 | Lair:2   | Identified the +1 robe of the Forgotten Orbs {rElec Will+
                  | Str+7 Stlth-}
 13904 | Lair:2   | Found the +8 whip "Snakebite" {venom, curare, rPois}
 14214 | Lair:3   | Reached skill level 18 in Fighting
 14547 | Lair:3   | Found a hole to the Spider Nest.
 14628 | Lair:3   | Found a staircase to the Swamp.
 14893 | Lair:3   | Identified the +12 rapier "Iseliomy" {speed, Dex+4}
 14899 | Lair:3   | Identified the +5 war axe "Qidar" {vorpal, Str+3}
 15159 | Lair:3   | Bought 2 potions of curing for 102 gold pieces
 15159 | Lair:3   | Bought a scroll of identify for 34 gold pieces
 15159 | Lair:3   | Bought a scroll of identify for 34 gold pieces
 15239 | Lair:5   | Entered Level 5 of the Lair of Beasts
 15426 | Lair:5   | Reached skill level 19 in Fighting
 16035 | Lair:5   | Found a staircase to the Slime Pits.
 16035 | Lair:5   | Found a viscous altar of Jiyva.
 16042 | Lair:5   | Paralysed by a floating eye for 4 turns
 16054 | Lair:5   | Reached XP level 14. HP: 141/146 MP: 13/13
 16494 | Lair:5   | Identified the ring "Mounuinai" {*Corrode rN+ Int+10 Dex+2}
 16555 | Lair:5   | Reached skill level 15 in Shields
 16559 | Lair:5   | Reached skill level 20 in Fighting
 17032 | Lair:5   | Identified the +2 ring mail of Sin {Str+3}
 17811 | D:13     | Noticed Leinaam's ghost (journeyman MiBe)
 17821 | D:13     | Found a transporter.
 17823 | D:13     | Found a bloodstained altar of Trog.
 18032 | D:13     | Found a transporter.
 18533 | D:14     | Reached skill level 5 in Dodging
 18728 | D:15     | Entered Level 15 of the Dungeon
 18794 | D:14     | Reached skill level 10 in Armour
 18853 | D:14     | Reached skill level 21 in Fighting
 18855 | D:14     | Reached XP level 15. HP: 107/158 MP: 14/14
 19499 | D:14     | Found a gate to the Vaults.
 19792 | D:15     | Found a staircase to the Depths.
 19981 | D:15     | Noticed Nessos
 19991 | D:15     | HP: 5/157 [deep elf knight/arrow (3)]
 20292 | D:15     | Noticed Nessos
 20292 | D:15     | Nessos changed into Nessos the rime drake
 20304 | D:15     | Killed Nessos the rime drake
 20833 | Orc:1    | Entered Level 1 of the Orcish Mines
 20986 | Orc:1    | Found a runed translucent door.
 20992 | Orc:1    | Found the +10 tower shield of Ignorance {rN+ Int-4}
 21013 | Orc:1    | Found a runed translucent door.
 21022 | Orc:1    | Lost intelligence.
 21077 | Orc:1    | HP: 7/160 [orc priest/divine providence[an orange crystal
                  | statue] (16)]
 21077 | Orc:1    | HP: 1/160 [orc warrior/+0 war axe[an orange crystal statue]
                  | (6)]
 21080 | Orc:1    | Killed from afar by an orc priest

Illustrated notes

Levels and vault maps discovered:
D:1:      elethiomel_arrival_infinity_welcomes_careful_drivers, layout_rooms,
          dreamdust_ecumenical_altar_statues, minmay_cupped
D:2:      layout_rooms, nicolae_hexahallways, hex_intersection, st_stairs_7,
          uniq_robin, uniq_terence
D:3:      layout_basic, ebering_dispersal_statue_hall, uniq_crazy_yiuf_cottage
D:4:      layout_loops_ring, minmay_manual_moon, uniq_sigmund
D:5:      layout_basic, mainiacjoe_overflow_alcove_1, overflow_temple_1_default,
          portal_sewer_entry_f
D:6:      layout_cave_pools, minmay_temple_entry_waves
D:7:      layout_loops_corners
D:8:      layout_cave_pools, mainiacjoe_overflow_surrounded_room,
          serial_gnoll_camp, gnoll_camp_medium_02, gnoll_camp_mini_loothouse,
          gnoll_camp_mini_house, gnoll_camp_mini_sergeant, gnoll_camp_mini_shop,
          gnoll_camp_mini_doghouse, nicolae_ossuary_entry_false_entrances
D:9:      layout_loops_ring, dpeg_oklobed_lair
D:10:     layout_irregular_city, uniq_harold
D:11:     layout_cave_pools, uniq_sonja, uniq_urug
D:12:     layout_basic, kennysheep_orc_monster_closet_entryway, serial_bayou,
          serial_bayou_ford_a, serial_bayou_pond_e, serial_bayou_pond_c,
          serial_bayou_pond_a, uniq_psyche
D:13:     layout_basic, gammafunk_ghost_wrathful_warriors
D:14:     layout_basic, grunt_vaults_entry_tiered, minmay_misc_feat_pillars,
          minmay_shattered_shrine
D:15:     grunt_enter_depths_magical_seal, layout_cave_pods, moated_statue,
          uniq_nessos
Temple:   hellmonk_temple_divided_pantheon
Lair:1:   gammafunk_boulding_lane, layout_hall_layers, basic_altar,
          serial_rivers, chequers_serial_rivers_micro_e,
          chequers_serial_rivers_micro_a, chequers_serial_rivers_micro_b,
          chequers_serial_rivers_small_b, chequers_serial_rivers_small_3,
          chequers_serial_rivers_micro_b, uniq_maggie
Lair:2:   minmay_guarded_unrand_snakebite, layout_regular_city,
          forest_entry_grove, infiniplex_staircase_pool_2, grunt_megastairs_5,
          uniq_amaemon
Lair:3:   nzn_winding_woodlands_cross [nzn_winding_woodlands_5x15_sawtooth,
          nzn_winding_woodlands_5x15_crooked,
          nzn_winding_woodlands_5x15_pockets, nzn_winding_woodlands_5x15_parted,
          nzn_winding_woodlands_15x15_eel_pit], layout_concentric_octagons,
          nicolae_swamp_entry_splash_gauntlet,
          hellmonk_spider_entry_life_and_decay, disabler_island
Lair:4:   layout_roguey, serial_bayou_shore_b
Lair:5:   due_jungle_book, layout_long_grid, minmay_slime_entry_eyes
Orc:1:    layout_diamond_mine, serial_shops, chequers_guarded_unrand_ignorance,
          uniq_erolcha

Skill      XL: |  1  2  3  4  5  6  7  8  9 10 11 12 13 14 15 |
---------------+----------------------------------------------+-----
Axes           | 3 4 6 7 8 10 12 14 16 18 | 18.0
Fighting       | 4 5 6 8 10 12 14 17 19 21 | 21.6
Shields        | 4 5 6 8 10 14 15 | 15.8
Evocations     | 3 5 |  5.0
Armour         | 7 10 13 | 13.3
Dodging        | 4 6 8 |  8.5

Action                   |  1- 3 |  4- 6 |  7- 9 | 10-12 | 13-15 || total
-------------------------+-------+-------+-------+-------+-------++-------
Melee: War axe           |    68 |   189 |   322 |   404 |       ||   983
       Headbutt          |     9 |    28 |    80 |   136 |   234 ||   487
       Broad axe         |       |       |       |   104 |   760 ||   864
Throw: Dart              |       |       |     1 |     2 |     1 ||     4
       Throwing net      |       |       |       |     3 |       ||     3
Invok: Call Merchant     |       |       |       |       |     1 ||     1
Evoke: Wand              |       |       |       |     9 |     7 ||    16
  Use: Scroll            |       |     6 |    15 |     4 |     8 ||    33
       Potion            |       |     1 |     1 |     2 |     7 ||    11
 Stab: Distracted        |       |       |     2 |     5 |     8 ||    15
       Held in net/web   |       |       |       |     5 |       ||     5
Armor: Scale mail        |    31 |       |       |       |       ||    31
       Chain mail        |     4 |   124 |   182 |   188 |   262 ||   760
Dodge: Dodged            |    32 |    74 |    97 |   169 |   252 ||   624
Block: Buckler           |    24 |    45 |    66 |   128 |   110 ||   373
       Kite shield       |       |       |       |       |   215 ||   215
